Map: Ruins of Seras

Players

dEpReDaDoRfC

  • Race: Terran Terran

Frozzen

  • Race: Terran Terran
  • League: Gold

Stebandi

  • Race: Protoss Protoss

EnergySource

  • Race: Protoss Protoss

VOD

Have the link to the VOD?

Description

Time

  • Played on: Nov. 13, 2015, 1:34 p.m.
  • Length: 11:12
Show
View Real Time Build Order
Export as new Build Order

dEpReDaDoRfC Terran 

Build Orders:  

Get SALT Encoding   

  12  0:02  SCV  
  13  0:14  SCV  
  14  0:26  SCV  
  15  0:30  Supply Depot  
  15  0:49  Refinery  
  15  0:51  SCV  
  16  1:03  SCV  
  17  1:04  Barracks  
  17  1:16  Barracks  
  17  1:24  SCV  
  18  1:29  Barracks  
  18  1:46  SCV  
  19  1:52  Supply Depot  
  19  1:58  SCV  
  20  2:03  Reaper  
  20  2:07  Marine  
  22  2:10  SCV  
  22  2:13  Supply Depot  
  23  2:25  Marine  
  23  2:26  Barracks  
  24  2:46  Supply Depot  
  24  2:50  Barracks Tech Lab  
  24  3:00  Barracks Tech Lab  
  24  3:06  Refinery  
  24  3:08  Supply Depot  
  24  3:26  Supply Depot  
  24  3:36  Barracks Reactor  
  25  3:41  Orbital Command  
  25  3:45  Marine  
  25  3:52  Marine x2  
  27  4:09  Marine  
  27  4:10  Marine  
  27  4:16  Engineering Bay  
  28  4:18  Reaper  
  29  4:25  Barracks  
  29  4:27  Combat Shields, Marine x2  
  31  4:35  Marine x2  
  35  4:46  Marauder x2  
  37  4:52  Marine  
  37  4:57  Missile Turret  
  38  5:04  Sensor Tower  
  38  5:08  Marine  
  38  5:10  Marine  
  39  5:15  Barracks Reactor  
  36  5:33  Missile Turret, Marauder  
  36  5:35  Marine  
  35  5:46  Barracks Reactor  
  35  5:52  Marine x2  
  37  6:10  Marine  
  38  6:23  Factory  
  37  6:38  Marauder x2  
  37  6:39  Marine x2  
  34  6:52  Missile Turret  
  32  6:56  Missile Turret  
  32  6:57  Marine x2  
  30  7:04  Marine  
  30  7:05  Marine  
  32  7:10  Factory Tech Lab  
  32  7:22  Marine x2  
  32  7:26  Marine x2  
  36  7:40  Marine x2  
  36  7:41  Siege Tank  
  36  7:44  Marine x2  
  43  7:56  Marauder x2  
  47  8:06  Marine x2  
  44  8:13  Siege Tank  
  44  8:18  Starport  
  37  8:43  Supply Depot  
  37  8:45  Marauder x2  
  37  8:46  Marine x2  
  43  8:54  Starport Reactor  
  43  9:06  Marine  
  44  9:23  Marine  
  45  9:40  Marine x2, Medivac x2  
  45  9:41  Marine  
  52  9:55  Concussive Shells  
  52  10:22  Marine x2  
  52  10:24  Marine x2  
Show
View Real Time Build Order
Export as new Build Order

Frozzen Terran 

Build Orders:  

Get SALT Encoding   

  12  0:01  Probe (Chrono Boost)  
  13  0:11  Probe (Chrono Boost)  
  14  0:24  Probe (Chrono Boost)  
  14  0:28  Pylon  
  15  0:46  Probe (Chrono Boost)  
  15  0:48  Gateway  
  16  0:56  Probe (Chrono Boost)  
  17  1:03  Pylon, Assimilator  
  17  1:07  Probe (Chrono Boost)  
  18  1:19  Probe (Chrono Boost)  
  18  1:25  Assimilator  
  19  1:29  Probe (Chrono Boost)  
  20  1:35  Zealot  
  22  1:41  Pylon  
  22  1:43  Gateway  
  22  1:52  Probe (Chrono Boost)  
  23  2:02  Probe (Chrono Boost)  
  23  2:13  Probe (Chrono Boost)  
  24  2:23  Probe (Chrono Boost)  
  24  2:29  Nexus  
  25  2:36  Zealot  
  27  2:51  Cybernetics Core  
  27  3:03  Pylon  
  26  3:07  Forge  
  26  3:19  Pylon  
  27  3:31  Adept  
  27  3:32  Adept  
  29  3:34  Warp Gate (Chrono Boost)  
  30  3:42  Probe (Chrono Boost)  
  30  3:47  Mothership Core (Chrono Boost)  
  32  3:52  Probe (Chrono Boost)  
  34  4:10  Probe x2 (Chrono Boost)  
  35  4:17  Protoss Ground Weapons Level 1 (Chrono Boost)  
  35  4:19  Probe  
  35  4:21  Probe  
  35  4:22  Adept  
  39  4:30  Probe  
  39  4:33  Probe  
  41  4:40  Probe  
  41  4:43  Stalker  
  41  4:45  Probe  
  45  4:51  Probe  
  45  4:54  Twilight Council  
  45  4:57  Probe  
  47  5:01  Probe, Pylon  
  48  5:09  Probe  
  48  5:12  Probe  
  50  5:16  Assimilator  
  50  5:20  Robotics Facility  
  50  5:21  Probe  
  50  5:26  Robotics Facility  
  49  5:38  Resonating Glaives  
  49  5:39  Probe x2  
  51  5:46  Assimilator  
  51  5:49  Probe  
  51  5:51  Probe  
  53  5:59  Nexus  
  53  6:00  Probe  
  53  6:04  Probe  
  55  6:06  Adept  
  55  6:09  Observer  
  58  6:14  Pylon, Protoss Ground Armor Level 1 (Chrono Boost)  
  58  6:19  Probe x2  
  58  6:22  Pylon  
  59  6:30  Stalker  
  61  6:37  Probe  
  61  6:38  Probe  
  63  6:42  Immortal  
  63  6:44  Warp Prism  
  63  6:58  Pylon  
  63  7:05  Probe  
  63  7:06  Probe  
  63  7:07  Pylon  
  65  7:11  Photon Cannon  
  65  7:15  Probe  
  65  7:18  Probe  
  65  7:19  Probe  
  65  7:20  Immortal  
  65  7:21  Immortal  
  76  7:28  Photon Cannon  
  76  7:40  Probe  
  76  7:41  Probe  
  76  7:42  Probe  
  79  7:50  Probe, Zealot  
  79  7:51  Zealot  
  83  7:52  Probe  
  83  7:54  Probe  
  86  8:03  Gateway  
  86  8:16  Immortal  
  86  8:17  Immortal  
  86  8:19  Stalker x2  
  96  8:29  Probe x2  
  96  8:30  Probe  
  99  8:34  Assimilator  
  99  8:36  Assimilator  
  99  8:39  Probe x2  
  99  8:40  Blink  
  101  8:42  Probe  
  101  8:47  Protoss Ground Weapons Level 2 (Chrono Boost)  
  101  8:48  Adept  
  104  8:49  Adept, Robotics Bay  
  104  8:50  Probe x2  
  104  8:54  Probe  
  109  9:00  Probe  
  109  9:01  Probe  
  110  9:09  Observer x2  
  112  9:18  Stalker x2  
  112  9:22  Gateway  
  112  9:23  Gateway x2  
  116  9:30  Photon Cannon  
  116  9:32  Photon Cannon  
  116  9:42  Pylon  
  116  9:44  Pylon  
  116  9:47  Pylon  
  116  9:51  Pylon  
  116  9:53  Pylon  
  116  9:54  Pylon  
  116  9:59  Colossus (Chrono Boost)  
  116  10:02  Colossus (Chrono Boost)  
  128  10:12  Photon Cannon  
  128  10:19  Photon Cannon  
  128  10:24  Stalker  
  128  10:25  Stalker  
  128  10:26  Zealot  
  128  10:28  Sentry x2  
  138  10:33  Adept  
  148  10:58  Stalker x5  
  148  10:59  Stalker  
Show
View Real Time Build Order
Export as new Build Order

Stebandi Protoss 

Build Orders:  

Get SALT Encoding   

Show
View Real Time Build Order
Export as new Build Order

EnergySource Protoss 

Build Orders:  

Get SALT Encoding   

Tags
 
Add a new tag
Caveats
  • Supply blocks, unpowered buildings, or Contaminate may cause inaccurate times.
  • Supply counts are checked every 10 seconds.